AoeStats
← sada613

Arena

510295600Analyzed
4v4 RM · 7h ago on Sep 30, 2026· 50m 25s· 8 players
Game mode
Random Map
Map size
Large (8 player)
Population
200
Speed
Normal
Resources
Standard
Victory
Conquest
Starting age
Dark Age
Ending age
Imperial Age
RankedLock teamsTeams togetherTeam positionsShared explorationLock speedFull tech treeHidden civsTurbo modeCheats
Victory
Defeat
🇨🇳 Italians · China
644
+18
🇺🇸 Burgundians · United States
612
+20
🇨🇳 Persians · China
607
+20
🇯🇵 Persians · Japan
587
+21
🇻🇳 Khitans · Vietnam
786
-24
🇻🇳 Wu · Vietnam
744
-22
🇫🇷 Bulgarians · France
717
-21
🇨🇴 Chinese · Colombia
515
-12
BigPapaPump
7:58 Wheelbarrow
11:47 Feudal Age
12:43 Hand Cart
12:18 Double-Bit Axe
19:08 Bow Saw
23:18 Castle Age
21:02 Horse Collar
21:16 Gold Mining
21:18 Stone Mining
23:31 Stone Shaft Mining
23:34 Gold Shaft Mining
23:09 Heavy Plow
24:01 Padded Archer Armor
23:51 Fletching
24:12 Forging
24:03 Scale Mail Armor
24:09 Scale Barding Armor
27:22 Leather Archer Armor
29:23 Two-Man Saw
28:44 Chain Mail Armor
29:29 Burgundian Vineyards
30:04 Husbandry
30:12 Cavalier
30:19 Light Cavalry
31:59 Guilds
31:51 Caravan
33:13 Elite Skirmisher
33:22 Pikeman
34:03 Squires
36:49 Imperial Age
38:35 Town Watch
38:36 Loom
39:21 Conscription
39:27 Paladin
39:35 Hussar
42:22 Chemistry
41:03 Treadmill Crane
sada613
11:22 Feudal Age
11:48 Double-Bit Axe
12:09 Gold Mining
13:55 Wheelbarrow
19:41 Castle Age
19:58 Stone Mining
20:50 Loom
20:51 Town Watch
22:06 Horse Collar
27:19 Hand Cart
27:04 Town Patrol
31:54 Imperial Age
29:40 Forging
31:29 Bow Saw
31:57 Stone Shaft Mining
32:40 Conscription
34:14 Two-Man Saw
33:15 Heavy Plow
33:53 Gold Shaft Mining
34:29 Two-Man Saw
33:16 Elite War Elephant
34:20 Caravan
34:46 Masonry
38:36 Citadels
41:37 Hoardings
42:54 Iron Casting
42:24 Scale Barding Armor
42:10 Fletching
京圈狂人
0:36 Loom
12:57 Feudal Age
14:10 Wheelbarrow
13:33 Double-Bit Axe
13:35 Horse Collar
15:38 Horse Collar
19:14 Stone Mining
19:29 Town Watch
20:13 Gold Mining
22:27 Castle Age
24:26 Heavy Plow
25:59 Bow Saw
26:31 Hand Cart
28:05 Loom
29:27 Stone Shaft Mining
29:28 Gold Shaft Mining
34:54 Imperial Age
32:26 Town Patrol
36:05 Conscription
35:07 Elite War Elephant
37:25 Crop Rotation
42:46 Chemistry
42:11 Ballistics
Red Hood
11:23 Feudal Age
12:50 Double-Bit Axe
16:18 Castle Age
16:18 Stone Mining
17:27 Bow Saw
27:23 Fletching
28:33 Bodkin Arrow
28:39 Padded Archer Armor
38:07 Imperial Age
37:20 Ballistics
36:57 Murder Holes
37:21 Leather Archer Armor
38:03 Silk Road
39:42 Wheelbarrow
39:37 Bloodlines
39:28 Husbandry
38:51 Light Cavalry
39:43 Scale Barding Armor
39:52 Forging
40:59 Hussar
41:08 Elite Genoese Crossbowman
42:53 Chemistry
42:07 Gold Mining
42:57 Stone Shaft Mining
44:03 Thumb Ring
46:21 Horse Collar
46:46 Bracer
47:23 Iron Casting
47:09 Chain Barding Armor
48:31 Two-Man Saw
47:52 Pirotechnia
48:19 Heavy Plow
49:36 Conscription
cristianfender77
1:30 Loom
14:58 Feudal Age
16:40 Wheelbarrow
16:04 Double-Bit Axe
16:20 Horse Collar
17:10 Arson
23:39 Castle Age
22:53 Forging
22:35 Fletching
22:58 Padded Archer Armor
23:14 Scale Mail Armor
24:03 Pikeman
24:44 Squires
34:45 Thumb Ring
37:32 Hand Cart
44:29 Iron Casting
43:50 Bodkin Arrow
44:10 Leather Archer Armor
44:11 Chain Mail Armor
44:01 Scale Barding Armor
kriber
0:58 Loom
16:43 Feudal Age
17:43 Horse Collar
17:52 Double-Bit Axe
21:56 Gold Mining
22:05 Stone Mining
24:30 Castle Age
23:38 Forging
24:03 Scale Barding Armor
24:11 Bloodlines
24:09 Fletching
26:31 Bow Saw
26:27 Heavy Plow
27:08 Stone Shaft Mining
27:11 Gold Shaft Mining
27:32 Iron Casting
27:01 Husbandry
29:15 Caravan
29:58 Murder Holes
30:37 Chain Barding Armor
30:14 Bodkin Arrow
31:26 Light Cavalry
32:17 Scale Mail Armor
34:44 Wheelbarrow
36:25 Stirrups
37:00 Chain Mail Armor
36:12 Pikeman
36:54 Squires
41:41 Imperial Age
42:23 Hand Cart
41:44 Halberdier
42:02 Elite Konnik
43:03 Conscription
44:47 Plate Mail Armor
45:18 Blast Furnace
44:55 Plate Barding Armor
K o h i m e
11:17 Feudal Age
11:39 Horse Collar
11:46 Double-Bit Axe
18:26 Castle Age
21:15 Bow Saw
21:08 Heavy Plow
23:56 Light Cavalry
24:46 Bloodlines
26:56 Husbandry
27:06 Bloodlines
27:14 Forging
32:02 Scale Barding Armor
32:33 Iron Casting
35:57 Imperial Age
35:32 Chain Barding Armor
38:33 Blast Furnace
37:35 Scale Mail Armor
38:10 Plate Barding Armor
38:45 Pikeman
39:26 Squires
39:42 Hussar
40:42 Chain Mail Armor
43:23 Halberdier
applerutz20052001
0:36 Loom
13:44 Feudal Age
20:06 Castle Age
18:06 Double-Bit Axe
18:24 Domestication
20:39 Scale Mail Armor
20:53 Forging
21:42 Scale Mail Armor
22:31 Bow Saw
23:14 Pastoralism
25:39 Wheelbarrow
25:31 Gold Mining
25:53 Stone Mining
27:55 Stone Shaft Mining
30:03 Hand Cart
29:35 Town Watch
30:06 Masonry
29:56 Murder Holes
30:21 Fortified Wall
30:35 Chain Mail Armor
35:15 Imperial Age
33:47 Lamellar Armor
33:32 Gambesons
33:48 Squires
33:33 Arson
33:09 Pikeman
34:30 Iron Casting
34:37 Town Patrol
35:14 Ballistics
36:55 Heavy Rocket Cart
39:43 Plate Mail Armor
42:07 Heavy Camel Rider
42:48 Husbandry
47:14 Scale Barding Armor
47:51 Elite Liao Dao
49:03 Chain Barding Armor
51:18 Plate Barding Armor
Connection lost

Rejoining the realm…

Still unreachable

The connection could not be restored.

Session expired

The server has moved on; the page needs a fresh start.